 Dungeon Crawl Stone Soup version 0.28.0-49-g6dfe1f597d (webtiles) character file.

Game seed: 17207834887962932022

8006 Peloso the Carver (level 11, -4/91 (99) HPs)
             Began as a Minotaur Fighter on May 18, 2022.
             Was a High Priest of Okawaru.
             Slain by a wight
             ... wielding a +2 scimitar of electrocution
              (11 damage)
             ... on level 9 of the Dungeon.
             The game lasted 00:21:40 (11615 turns).

Peloso the Carver (Minotaur Fighter)               Turns: 11615, Time: 00:21:42

HP:   -4/91 (99)    AC: 12    Str: 22    XL:     11   Next: 4%
MP:   0/11          EV: 13    Int:  8    God:    Okawaru [*****.]
Gold: 577           SH:  6    Dex: 19    Spells: 10/10 levels left

rFire   + . .      SeeInvis .   a - +2 long sword
rCold   + . .      Faith    .   c - +0 buckler
rNeg    + . .      Spirit   +   l - +5 ring mail "Balerum" {rN+ Int+3 Slay+3}
rPois   .          Reflect  .   (helmet restricted)
rElec   .          Harm     .   E - scarf {rC+ rF+}
rCorr   +          Rampage  .   (no gloves)
Will    .....                   (no boots)
Stlth   ++........              u - amulet of guardian spirit
HPRegen 0.25/turn               g - ring of resist corrosion
MPRegen 0.12/turn               y - +6 ring of dexterity

@: about to teleport, drained
A: horns 2, retaliatory headbutt
a: Renounce Religion, Heroism, Finesse, Duel


You were on level 9 of the Dungeon.
You worshipped Okawaru.
Okawaru was extremely pleased with you.
You visited 2 branches of the dungeon, and saw 10 of its levels.
You also visited: Ossuary and Bailey.

You collected 577 gold pieces.

Inventory:

Hand Weapons
 a - a +2 long sword (weapon)
Missiles
 z - a throwing net (quivered)
Armour
 b - a +0 scale mail
 c - a +0 buckler (worn)
 e - a +0 chain mail
 l - the +5 ring mail "Balerum" (worn) {rN+ Int+3 Slay+3}
   (You found it on level 7 of the Dungeon)

   Int:       It affects your intelligence (+3).
   Slay:      It affects your accuracy & damage with ranged weapons and melee
   (+3).
   rN:        It protects you from negative energy.
 C - the -1 pair of gloves of the Prince of Darkness {Drain rElec Str+2 Int+4}
   (You found it in a bailey)

   Str:       It affects your strength (+2).
   Int:       It affects your intelligence (+4).
   rElec:     It insulates you from electricity.
   Drain:     It drains your maximum health when unequipped.
 E - a scarf of resistance (worn)
Jewellery
 g - a ring of resist corrosion (left hand)
 u - an amulet of guardian spirit (around neck)
 y - a +6 ring of dexterity (right hand)
 F - the amulet "Webate Hiere" {RegenMP Drain Str+5}
   (You found it on level 8 of the Dungeon)

   [amulet of magic regeneration]

   It increases your rate of magic regeneration.
   Str:       It affects your strength (+5).
   Drain:     It drains your maximum health when unequipped.
 J - a ring of flight
Wands
 p - a wand of paralysis (12)
 w - a wand of iceblast (8)
 K - a wand of flame (22)
Scrolls
 f - 2 scrolls of enchant weapon
 h - a scroll of fog
 i - 3 scrolls of fear
 j - a scroll of enchant armour {unknown}
 k - 2 scrolls of blinking {unknown}
 r - 2 scrolls of noise
 s - a scroll of magic mapping
 t - a scroll of teleportation
 v - 4 scrolls of immolation {unknown}
 I - a scroll of holy word {unknown}
Potions
 d - 5 potions of might
 m - 3 potions of curing
 n - 3 potions of mutation
 o - 3 potions of flight
 q - a potion of ambrosia {unknown}
 x - a potion of brilliance
 A - a potion of magic {unknown}
 G - 2 potions of resistance {unknown}
 H - 2 potions of haste {unknown}
Miscellaneous
 B - a box of beasts
 D - a piece from Xom's chessboard (15/15)


   Skills:
 + Level 9.8 Fighting
 + Level 12.9 Long Blades
 + Level 9.4 Armour
 + Level 4.9 Dodging
 + Level 2.6 Stealth
 + Level 7.6 Shields
 + Level 1.8 Invocations


You had 10 spell levels left.
You didn't know any spells.
Your spell library contained the following spells:

 Spells                   Type           Power      Damage    Failure   Level
 Apportation              Tloc           0%         N/A       63%         1
 Sandblast                Erth           0%         2d4       63%         1
 Sting                    Tmut/Pois      0%         1d3       63%         1
 Ensorcelled Hibernation  Hex/Ice        0%         N/A       77%         2
 Passwall                 Tmut/Erth      0%         N/A       77%         2
 Poisonous Vapours        Pois/Air       0%         N/A       77%         2
 Sublimation of Blood     Necr           0%         N/A       77%         2
 Wereblood                Tmut           0%         N/A       77%         2
 Ignite Poison            Fire/Tmut/Pois 0%         N/A       94%         3
 Mephitic Cloud           Conj/Pois/Air  0%         N/A       94%         3
 Spider Form              Tmut/Pois      0%         N/A       94%         3
 Stone Arrow              Conj/Erth      0%         3d7       94%         3
 Anguish                  Hex/Necr       0%         N/A       100%        4
 Olgreb's Toxic Radiance  Pois           0%         N/A       100%        4
 Freezing Cloud           Conj/Ice/Air   0%         6-21      100%        5
 Ozocubu's Refrigeration  Ice            0%         4d5       100%        7
 Ignition                 Fire           0%         3d3       100%        8
 Animate Skeleton         Necr           Unusable   N/A       N/A         1
 Summon Small Mammal      Summ           Unusable   N/A       N/A         1
 Summon Hydra             Summ           Unusable   N/A       N/A         7

Dungeon Overview and Level Annotations

Branches:
Dungeon (9/15)             Temple (1/1) D:5            Lair (0/6) D:9
Ossuary (visited)          Bailey (visited)
    Orc: D:9-12

Altars:
Ashenzari
Elyvilon
Fedhas
Gozag
Hepliaklqana
Kikubaaqudgha
Makhleb
Nemelex Xobeh
Okawaru
Qazlal
Sif Muna
Trog
Uskayaw
Vehumet
Wu Jian
Xom
Yredelemnul
The Shining One

Shops:
D:3 *

Annotations:
D:5 2 transporters, gabibbone's ghost, novice DjFE


Innate Abilities, Weirdness & Mutations

You have a pair of horns on your head.
You reflexively headbutt those who attack you in melee.


Message History

You partially resist.
You feel drained.
The wight hits you with a +2 scimitar of electrocution!
The wight barely misses you.
The wight hits you from afar with a +0 trident.
You partially resist.
You feel drained. You block the wight's attack.
Things that are here:
a +4 scimitar; a +0 robe The wight barely misses you.
There is an open door, spattered with blood here.
Things that are here:
a +2 whip of freezing; a +1 robe of positive energy; the kobold skeleton of Pikel
Things that are here:
a black bear corpse; an elephant corpse
There is an open door here.
There is an open door here.
You barely miss the wight.
You headbutt the wight, but do no damage.
The wight is moderately damaged.
The wight hits you with a +2 scimitar of electrocution.
You partially resist.
You feel drained.
You are electrocuted!
* * * LOW HITPOINT WARNING * * *
Okay, then.
There is an open door here.
An orc wizard comes into view. It is wielding a +0 dagger.
The orc wizard shouts!
As you read the scroll of teleportation, it crumbles to dust.
You feel strangely unstable.
The wight hits you with a +2 scimitar of electrocution.
* * * LOW HITPOINT WARNING * * *
You partially resist.
You feel drained.
You are electrocuted!
* * * LOW HITPOINT WARNING * * *
The orc wizard casts a spell at you.
The puff of flame hits you but does no damage.
The orc wizard mumbles some strange words.
The orc wizard flickers and vanishes!
Deactivating autopickup; reactivate with Ctrl-A.
The wight hits you with a +2 scimitar of electrocution.
* * * LOW HITPOINT WARNING * * *
You are electrocuted!
You die...

# #. #.. #..#######
#........# #########
#......#####........
#..@z.zz...'.......)
+...z..#####........
#......# #........
####'### #######'#
#.# ##.# ###{# #[.#
#...# #†## #.###
###z## ####+##
#####'####### #.....


You could see 4 wights.

Vanquished Creatures
  Pikel (D:9)
  2 orc knights (Bailey)
  An elephant (D:9)
  A meliai (shapeshifter) (D:9)
  Grinder (D:6)
  A basilisk (D:9)
  4 yaks
  A steam dragon (D:8)
  2 water moccasins
  2 ice beasts
  9 orc warriors
  2 black bears
  2 ogres
  2 lemures (D:9)
  4 centaurs
  A kobold brigand (D:9)
  4 bullfrogs
  A water moccasin zombie (D:5)
  A wyvern zombie (D:8)
  12 scorpions
  A water moccasin skeleton (D:6)
  13 wights
  2 howler monkeys
  6 centaur zombies
  2 hounds (D:5)
  A gnoll shaman (D:7)
  2 orc priests
  3 jellies
  A bullfrog skeleton (D:5)
  2 orc wizards (D:8)
  4 iguanas
  8 scorpion zombies
  2 killer bee zombies (D:7)
  4 mummies
  A howler monkey zombie (D:5)
  12 gnolls
  2 howler monkey skeletons
  15 adders
  2 white imps (D:7)
  3 ufetubi
  An adder zombie (D:5)
  A worm (D:4)
  21 orcs
  8 endoplasms
  2 gnoll zombies (Ossuary)
  10 hobgoblins
  6 jackals
  4 quokkas
  6 ball pythons
  10 bats
  2 frilled lizards (D:1)
  17 goblins
  2 goblin zombies (Ossuary)
  2 hobgoblin zombies (Ossuary)
  21 kobolds
  3 kobold zombies (Ossuary)
  3 orc zombies (Ossuary)
  5 rats
264 creatures vanquished.

Vanquished Creatures (others)
  3 plants
3 creatures vanquished.

Grand Total: 267 creatures vanquished

Notes
Turn   | Place    | Note
-------+----------+-------------------------------------------
     0 | D:1      | Peloso the Minotaur Fighter began the quest for the Orb.
     0 | D:1      | Reached XP level 1. HP: 19/19 MP: 0/0
   138 | D:1      | Reached XP level 2. HP: 15/27 MP: 1/1
   579 | D:1      | Found a faded altar of an unknown god.
   971 | D:2      | Reached XP level 3. HP: 33/33 MP: 2/2
  1177 | D:2      | Reached skill level 3 in Long Blades
  1278 | D:2      | Reached XP level 4. HP: 40/40 MP: 3/3
  1916 | D:3      | Reached XP level 5. HP: 47/47 MP: 4/4
  2311 | D:3      | Found Daaqie's General Store.
  2323 | D:3      | Reached skill level 4 in Long Blades
  2334 | D:3      | Reached skill level 5 in Fighting
  2455 | D:3      | Reached skill level 5 in Armour
  2870 | D:4      | Reached XP level 6. HP: 55/56 MP: 5/5
  2975 | D:4      | Found a radiant altar of Vehumet.
  3056 | D:4      | Found a shimmering altar of Xom.
  3118 | D:4      | Reached skill level 1 in Dodging
  3181 | D:4      | Reached skill level 5 in Long Blades
  3224 | D:4      | Noticed a water moccasin
  3237 | D:4      | Killed a water moccasin
  3238 | D:4      | Reached skill level 5 in Shields
  3243 | D:4      | HP: 2/56 [poisoned by a water moccasin]
  3605 | D:4      | Found a sparkling altar of Nemelex Xobeh.
  3614 | D:4      | Reached skill level 1 in Stealth
  3614 | D:4      | Reached XP level 7. HP: 25/61 MP: 6/6
  4306 | D:5      | Entered Level 5 of the Dungeon
  4551 | D:5      | Noticed a vampire mosquito
  4554 | D:5      | Noticed gabibbone's ghost (novice DjFE)
  4567 | D:5      | Found a staircase to the Ecumenical Temple.
  4611 | Temple   | Entered the Ecumenical Temple
  4726 | Temple   | Became a worshipper of Warmaster Okawaru
  4781 | D:5      | Found a transporter.
  4834 | D:5      | Reached skill level 6 in Long Blades
  5129 | D:5      | Found a transporter.
  5138 | D:5      | HP: 2/62 [black bear (8)]
  5960 | D:5      | Reached skill level 7 in Long Blades
  6360 | D:5      | Found a blossoming altar of Fedhas.
  6366 | D:5      | Reached * piety under Okawaru
  6367 | D:5      | Reached XP level 8. HP: 57/70 MP: 7/7
  6626 | D:6      | Noticed Grinder
  6626 | D:6      | Found a burning altar of Makhleb.
  6653 | D:6      | Killed Grinder
  7388 | D:6      | Reached skill level 8 in Long Blades
  7395 | D:6      | Reached ** piety under Okawaru
  7435 | D:6      | Found a hazy altar of Hepliaklqana.
  7639 | D:7      | Reached skill level 1 in Invocations
  7682 | D:7      | Identified the +5 ring mail "Balerum" {rN+ Int+3 Slay+3}
  7703 | D:7      | Reached XP level 9. HP: 78/78 MP: 8/8
  7719 | D:7      | Found a flagged portal.
  7733 | Bailey   | Entered a bailey
  7750 | Bailey   | Noticed an orc knight
  7750 | Bailey   | Noticed an orc knight
  7908 | Bailey   | Killed an orc knight
  7909 | Bailey   | Reached skill level 9 in Long Blades
  7995 | Bailey   | Killed an orc knight
  7995 | Bailey   | Reached *** piety under Okawaru
  7996 | Bailey   | Reached skill level 10 in Long Blades
  8162 | Bailey   | Identified the -1 pair of gloves of the Prince of Darkness
                  | {Drain rElec Str+2 Int+4}
  8538 | D:7      | Found a white marble altar of Elyvilon.
  8756 | D:7      | Reached skill level 11 in Long Blades
  8905 | D:7      | Reached XP level 10. HP: 75/88 MP: 6/10
  9432 | D:8      | Reached **** piety under Okawaru
  9457 | D:8      | Identified the amulet "Webate Hiere" {RegenMP Drain Str+5}
  9460 | D:8      | Found an ancient bone altar of Kikubaaqudgha.
  9509 | D:8      | Reached skill level 12 in Long Blades
  9524 | D:8      | Found a sand-covered staircase.
  9576 | Ossuary  | Entered an ossuary
 11346 | D:9      | Noticed Pikel
 11362 | D:9      | Noticed an elephant
 11366 | D:9      | Killed Pikel
 11366 | D:9      | Reached ***** piety under Okawaru
 11381 | D:9      | Killed an elephant
 11381 | D:9      | Identified the +0 robe of Autotheism {SInv} (Okawaru gifted
                  | it to you on level 9 of the Dungeon)
 11381 | D:9      | Received a gift from Okawaru
 11382 | D:9      | Reached XP level 11. HP: 61/99 MP: 6/11
 11392 | D:9      | Found a staircase to the Lair.
 11615 | D:9      | Slain by a wight

Illustrated notes

Levels and vault maps discovered:
D:1:      amcnicky_arrival_abandoned_market, layout_rooms,
          shapermc_ecumenical_altar_venn, palyth_stone_intersect, st_stairs_12
D:2:      layout_loops_cross, kennysheep_generic_room_3
D:3:      layout_basic, serial_shops, nicolae_diamond_shop
D:4:      layout_loops_ring, lemuel_round_altar,
          mainiacjoe_overflow_surrounded_room, kennysheep_little_box,
          kennysheep_pointless_box, amcnicky_mini_rare_corridor_liquid
D:5:      layout_layer_cave, mainiacjoe_overflow_alcove_2,
          minmay_temple_entry_glassed_door, gammafunk_ghost_arena,
          corexii_leaking_fountain
D:6:      layout_rooms, grunt_temple_overflow_open, serial_bayou_pond_e,
          minmay_misc_feat_roman, minmay_misc_feat_nine_boxes,
          hangedman_decor_lopped, corexii_shack, corexii_corridor_pit,
          uniq_grinder
D:7:      layout_basic, elyvilon_altar_5, enter_bailey_4, grunt_ministairs_5,
          nicolae_zen_rock_garden, roderic_three_in_a_row
D:8:      layout_basic, lemuel_round_altar, gup_ossuary_entry_pyramid
D:9:      layout_roguey, chei_slow_surprise, nicolae_ru_path_of_blood,
          david_lair_generic, erik_orc_2, minmay_joined_circles, uniq_pikel
Temple:   minmay_temple_curvy_loop

Skill      XL: |  1  2  3  4  5  6  7  8  9 10 |
---------------+-------------------------------+-----
Armour         | 4 5 6 8 9 |  9.4
Fighting       | 4 5 6 7 9 |  9.8
Shields        | 4 5 6 7 |  7.6
Long Blades    | 3 4 5 7 8 11 12 | 12.9
Dodging        | 1 2 3 4 |  4.9
Stealth        | 1 2 |  2.6
Invocations    | 1 |  1.8

Action                   |  1- 3 |  4- 6 |  7- 9 | 10-12 || total
-------------------------+-------+-------+-------+-------++-------
Melee: Long sword        |    85 |   153 |   298 |   240 ||   776
       Headbutt          |    15 |    18 |    61 |    62 ||   156
Invok: Heroism           |       |       |    10 |       ||    10
  Use: Potion            |       |     2 |     3 |     1 ||     6
       Scroll            |       |     1 |     9 |     4 ||    14
 Stab: Sleeping          |       |       |       |     2 ||     2
Armor: Chain mail        |    41 |    97 |    76 |       ||   214
       Scale mail        |     6 |       |       |       ||     6
       Ring mail         |       |       |    33 |    90 ||   123
Dodge: Dodged            |    29 |    51 |   143 |   119 ||   342
Block: Buckler           |    21 |    30 |    96 |    88 ||   235
